 Dungeon Crawl Stone Soup version 0.27-a0-54-g64bdb92e38 (webtiles) character file.

Game seed: 6095571182107925702

43 tatocazan the Insei (level 3, -1/26 HPs)
             Began as a Demonspawn Transmuter on Jan 7, 2021.
             Killed from afar by Sigmund (9 damage)
             ... with a puff of flame
             ... on level 2 of the Dungeon.
             The game lasted 00:02:02 (1791 turns).

tatocazan the Insei (Demonspawn Transmuter)         Turns: 1791, Time: 00:02:03

Health: -1/26      AC:  6    Str: 10    XL:     3   Next: 37%
Magic:  6/6        EV: 12    Int: 15    God:
Gold:   44         SH:  0    Dex: 13    Spells: 2/6 levels left

rFire    . . .     SeeInvis .   k - -3 hand axe (curse)
rCold    . . .     Faith    .   (no shield)
rNeg     . . .     Spirit   .   a - +1 robe
rPois    .         Reflect  .   f - +0 helmet
rElec    .         Harm     .   (no cloak)
rCorr    .         Rampage  .   (no gloves)
Will     .....                  (no boots)
Stlth    +.........             (no amulet)
HPRegen  0.08/turn              (no ring)
MPRegen  0.10/turn              (no ring)

@: no status effects
A: claws 1, icy blue scales 1
a: no special abilities


You were on level 2 of the Dungeon.
You visited 1 branch of the dungeon, and saw 2 of its levels.

You collected 44 gold pieces.

Inventory:

Hand Weapons
 d - a +0 dagger
 k - a cursed -3 hand axe (weapon)
Missiles
 h - 23 poisoned darts
Armour
 a - a +1 robe (worn)
 f - a +0 helmet (worn)
Scrolls
 e - 2 scrolls of immolation
Potions
 b - a potion of curing {unknown}
 c - a potion of invisibility {unknown}
 g - 2 potions of brilliance {unknown}
 l - 2 potions of resistance


   Skills:
 + Level 1.6 Fighting
 + Level 2.1 Dodging
 + Level 3.0 Unarmed Combat
 + Level 2.2 Spellcasting
 * Level 2.4 Transmutations


You had 2 spell levels left.
You knew the following spells:

 Your Spells              Type           Power        Failure   Level
a - Beastly Appendage     Tmut           18%          8%          1
b - Spider Form           Tmut/Pois      2%           36%         3

Your spell library contained the following spells:

 Spells                   Type           Power        Failure   Level
 Wereblood                Tmut           9%           12%         2
 Ice Form                 Ice/Tmut       5%           78%         4
 Blade Hands              Tmut           4%           91%         5


Dungeon Overview and Level Annotations

Branches:
Dungeon (2/15)

Altars:

Annotations:
D:2 Sigmund


Innate Abilities, Weirdness & Mutations

You have sharp fingernails.
You are partially covered in icy blue scales. (AC +2)


Message History

Sigmund barely misses you.
Found 21 stones and 9 arrows.
You closely miss Sigmund. You hit the hobgoblin.
The hobgoblin hits you but does no damage.
The hobgoblin barely misses you. Sigmund barely misses you.
You barely miss the hobgoblin.
The hobgoblin is heavily wounded.
You barely miss Sigmund. The hobgoblin barely misses you.
You completely miss the hobgoblin.
The hobgoblin is moderately wounded.
You barely miss Sigmund. Sigmund closely misses you.
The hobgoblin hits you with a +0 club!
You take 8 damage, and have 8/26 hp.
MASSIVE DAMAGE!!
You are too injured to fight recklessly!
You are too injured to fight recklessly!
You are too injured to fight recklessly!
You are too injured to fight recklessly!
Sigmund casts a spell at you. The puff of flame hits you!
You die...

(#.#. #.#..
#####.#.#
.......#
#......####
#..........
#.@gr...(..
#.....#
####@## #.#
#######.#
#.......#
#.#######
#.# #.# #.#
#.#


You could see Sigmund, a hobgoblin and a rat.

Vanquished Creatures
  An ooze (D:1)
  A worm (D:2)
  A leopard gecko (D:1)
  3 bats (D:1)
  8 goblins (D:1)
  9 hobgoblins
  2 kobolds (D:1)
  2 frilled lizards (D:1)
  4 rats (D:1)
31 creatures vanquished.

Notes
Turn   | Place    | Note
-------+----------+-------------------------------------------
     0 | D:1      | tatocazan the Demonspawn Transmuter began the quest for the
                  | Orb.
     0 | D:1      | Reached XP level 1. HP: 15/15 MP: 3/3
   209 | D:1      | Gained mutation: You are partially covered in icy blue
                  | scales. (AC +2) [demonic ancestry]
   209 | D:1      | Reached XP level 2. HP: 21/21 MP: 5/5
  1304 | D:1      | Gained mutation: You have sharp fingernails. [demonic
                  | ancestry]
  1304 | D:1      | Reached XP level 3. HP: 24/26 MP: 6/6
  1354 | D:1      | Reached skill level 3 in Unarmed Combat
  1567 | D:2      | Learned a level 3 spell: Spider Form
  1785 | D:2      | Noticed Sigmund
  1791 | D:2      | Killed from afar by Sigmund

Illustrated notes

Levels and vault maps discovered:
D:1:      dpeg_arrival_three_smaller_balls, layout_loops_cross,
          minmay_liquid_box
D:2:      layout_loops_ring, lemuel_blue_sif_altar, uniq_jessica, uniq_sigmund,
          uniq_natasha

Skill      XL: |  1  2  3 |
---------------+----------+-----
Transmutations | 2 |  2.4
Dodging        | 2 |  2.1
Unarmed Combat | 3 |  3.0
Fighting       | |  1.6
Spellcasting   | |  2.2

Action                   || total
-------------------------++-------
Melee: Unarmed           ||    34
       Dagger            ||   102
       Kick              ||     7
       Headbutt          ||     5
       Hand axe          ||     4
       Punch             ||     2
 Cast: Beastly Appendage ||     3
  Use: Scroll            ||     4
 Stab: Sleeping          ||     1
Armor: Robe              ||    41
Dodge: Dodged            ||    94

Table legend: (Time is in decaauts)
 A = Elapsed time spent in this place.
 B = Non-inter-level travel time spent in this place.
 C = Inter-level travel time spent in this place.
 D = Time resting spent in this place.
 E = Time spent auto-exploring this place.
 F = Levels seen in this place.
 G = Mean time per level.
                   A        B        C        D        E       F      G
               +--------+--------+--------+--------+--------+-----+--------+
         Total |   1788 |   1691 |     97 |    562 |    845 |   2 |  894.0 |
       Dungeon |   1788 |   1691 |     97 |    562 |    845 |   2 |  894.0 |
               +--------+--------+--------+--------+--------+-----+--------+

Top non-repeatable levels by time:
     D:1: 1549 daAuts
     D:2: 239 daAuts
